 Dungeon Crawl Stone Soup version 0.31.0-11-ge490571c62 (webtiles) character file.

Game seed: 9293660307354757342

3859 qw the Nimble (level 9, -1/45 HPs)
             Began as a Spriggan Hunter on Feb 4, 2024.
             Was an Initiate of Okawaru.
             Killed from afar by an electric eel (11 damage)
             ... with a bolt of electricity
             ... on level 8 of the Dungeon.
             The game lasted 00:00:38 (7269 turns).

qw the Nimble (Spriggan Hunter)                     Turns: 7269, Time: 00:00:39

Health: -1/45      AC: 11    Str:  7    XL:     9   Next: 99%
Magic:  10/10      EV: 28    Int: 11    God:    Okawaru [......]
Gold:   498        SH:  0    Dex: 22    Spells: 8/8 levels left

rFire   + . .        e - +0 orcbow
rCold   . . .        (shield currently unavailable)
rNeg    . . .        n - +2 robe {Will+}
rPois   .            (helmet restricted)
rElec   .            j - +2 cloak
rCorr   .            (gloves unavailable)
SInv    +            (boots unavailable)
Will    ++...        (no amulet)
Stlth   ++           h - +4 ring of protection
HPRegen 0.27/turn    i - ring of protection from fire
MPRegen 0.12/turn

%: no passive effects
@: very quick
A: very small, no large weapons, unfitting armour, see invisible, speed 3
a: Renounce Religion


You were on level 8 of the Dungeon.
You worshipped Okawaru.
Okawaru was noncommittal.
You visited 2 branches of the dungeon, and saw 9 of its levels.
You also visited: Sewer.

You collected 498 gold pieces.


Innate Abilities, Weirdness & Mutations

You are very small and have problems with some larger weapons.
You are too small for most types of armour.
You have supernaturally acute eyesight. (SInv)
You cover ground extremely quickly. (Speed+++)


   Skills:
 - Level 4.1 Fighting
 + Level 11.0 Ranged Weapons
 - Level 12.0 Dodging
 - Level 1.5 Stealth


You had 8 spell levels left.
You didn't know any spells.
Your spell library was empty.

Inventory:

Hand Weapons
 e - a +0 orcbow (weapon)
Armour
 c - +0 steam dragon scales
 j - a +2 cloak (worn)
 n - a +2 robe of willpower (worn)
Jewellery
 h - a +4 ring of protection (left hand)
 i - a ring of protection from fire (right hand)
 m - a ring of protection from fire
 Y - a ring of resist corrosion
Wands
 b - a wand of light (6)
 k - a wand of paralysis (13)
 l - a wand of digging (11)
 o - a wand of polymorph (10)
 p - a wand of mindburst (13)
Scrolls
 g - 2 scrolls of identify
Potions
 a - 2 potions of curing
 d - a potion of enlightenment
 f - a potion of might

Dungeon Overview and Level Annotations

Branches:
Dungeon (8/15)             Temple (1/1) D:7           Sewer (visited)
   Lair: D:8-11

Altars:
Ashenzari
Cheibriados
Dithmenos
Elyvilon
Fedhas
Gozag
Hepliaklqana
Kikubaaqudgha
Makhleb
Nemelex Xobeh
Okawaru
Qazlal
Ru
Sif Muna
Trog
Uskayaw
Vehumet
Wu Jian
Xom
Yredelemnul
Zin
The Shining One

Shops:
D:1 :

Annotations:
D:4 1 runed translucent door, Crazy Yiuf


Message History

You shoot an arrow. The arrow hits the orc wizard.
The orc wizard is moderately wounded.
The orc wizard casts a spell at you. The puff of flame misses you.
The electric eel shoots out a bolt of lightning at you!
The bolt of electricity misses you.
You shoot an arrow. The arrow hits the orc wizard.
The orc wizard is severely wounded.
The electric eel shoots out a bolt of lightning at you!
The bolt of electricity hits you.
You shoot an arrow.
The arrow hits the orc wizard but does no damage.
The orc wizard is severely wounded.
An orc comes into view. It is wielding a +0 club.
An orc wizard comes into view. It is wielding a +0 dagger.
You shoot an arrow. The arrow hits the orc wizard!
You kill the orc wizard!
Okawaru accepts your kill.
You shoot an arrow. The arrow hits the orc wizard.
The orc wizard is lightly wounded.
An orc comes into view. It is wielding a +0 war axe.
You shoot an arrow. The orc shouts!
The arrow hits the orc wizard!
The orc wizard is severely wounded.
You hear an angry buzzing noise. x2
The orc wizard points at you and mumbles some strange words.
The puff of flame misses you.
You shoot an arrow. The arrow hits the orc wizard!
You kill the orc wizard!
Okawaru accepts your kill.
The electric eel shoots out a bolt of lightning at you!
The bolt of electricity hits you!
Your Dodging skill increases to level 12!
You shoot an arrow. The arrow hits the orc!
You kill the orc!
Okawaru accepts your kill.
The electric eel shoots out a bolt of lightning at you!
The bolt of electricity hits you!
You die...

#~.# ##~~.##
~~~~... .....#
....# ##....##
##......#
#<..>...#.
#.@.o.....
#)........
)).$......#
~~~~S....o..#
)~~##~~........
.~ ##~........
. #~........
~~.......#


You could see an electric eel and 2 orcs.

Vanquished Creatures
  Pikel (D:4)
  Grinder (D:3)
  Sigmund (D:2)
  A shadow (D:6)
  Eustachio (D:4)
  A steam dragon (D:7)
  A sky beast (D:7)
  Pargi (Sewer)
  2 ice beasts
  An orc warrior (D:7)
  3 centaurs
  A lemure (D:4)
  A phantom (D:5)
  A brain worm (Sewer)
  2 kobold brigands
  A bullfrog (D:7)
  A gnoll sergeant (D:6)
  2 scorpions (D:5)
  4 wights
  3 killer bees (D:5)
  5 howler monkeys
  A jelly (D:7)
  2 hounds
  3 orc priests
  A gnoll bouda (D:7)
  4 sleepcaps
  2 iguanas
  10 orc wizards
  12 adders
  6 gnolls
  A white imp (D:6)
  3 ribbon worms
  22 orcs
  10 ball pythons
  9 bats
  8 endoplasms
  6 giant cockroaches
  8 goblins
  2 hobgoblins (D:3)
  4 jackals (D:3)
  6 quokkas
  6 frilled lizards
  12 kobolds
  10 rats
183 creatures vanquished.

Notes
Turn   | Place    | Note
-------+----------+-------------------------------------------
     0 | D:1      | qw the Spriggan Hunter began the quest for the Orb.
     0 | D:1      | Reached XP level 1. HP: 10/10 MP: 2/2
     0 | D:1      | 0 ||| qw: Version: 0.3-a-160-g6735b56
     0 | D:1      | 0 ||| qw: Game counter: 5672
     0 | D:1      | 0 ||| qw: Melee chars always use a shield: true
     0 | D:1      | 0 ||| qw: God list: Okawaru
     0 | D:1      | 0 ||| qw: Allow faded altars: false
     0 | D:1      | 0 ||| qw: Do Orc after clearing Dungeon:15 true
     0 | D:1      | 0 ||| qw: Do second Lair branch before Depths: true
     0 | D:1      | 0 ||| qw: Lair rune preference: random
     0 | D:1      | 0 ||| qw: Goals: Normal
     0 | D:1      | 0 ||| PLANNING D:1-11
    48 | D:1      | Reached skill level 3 in Dodging
   122 | D:1      | Reached XP level 2. HP: 14/14 MP: 3/3
   145 | D:1      | Found Pakaephi's Book Boutique.
   182 | D:1      | Reached skill level 4 in Dodging
   723 | D:1      | 723 ||| READING scroll labelled JOANAE HAYTTUT.
   824 | D:1      | 824 ||| READING scroll labelled KOETUA CUMAW.
   824 | D:1      | 824 ||| ENCHANTING +0 shortbow.
   825 | D:1      | 825 ||| DRINKING 2 smoky grey potions.
   826 | D:1      | 826 ||| DROPPING scroll of butterflies.
   827 | D:1      | 827 ||| DROPPING potion of brilliance.
   914 | D:2      | Reached XP level 3. HP: 18/18 MP: 4/4
   961 | D:2      | Noticed Sigmund
   968 | D:2      | Killed Sigmund
   969 | D:2      | Reached skill level 6 in Ranged Weapons
   969 | D:2      | Reached XP level 4. HP: 22/22 MP: 5/5
   969 | D:2      | Reached XP level 5. HP: 25/25 MP: 6/6
  1487 | D:2      | 1487 ||| UPGRADING to +0 cloak.
  1492 | D:2      | 1492 ||| UPGRADING to +4 ring of protection.
  1493 | D:2      | 1493 ||| READING scroll labelled FUSHRO YLAGIF.
  1494 | D:2      | 1494 ||| READING 2 scrolls labelled YQU EF COSK.
  1494 | D:2      | 1494 ||| IDENTIFYING dark potion
  1495 | D:2      | 1495 ||| READING scroll of identify.
  1495 | D:2      | 1495 ||| IDENTIFYING sedimented grey potion
  1496 | D:2      | 1496 ||| DRINKING 3 orange potions.
  1566 | D:3      | 1566 ||| FLEEEEING.
  1588 | D:3      | Noticed Grinder
  1589 | D:3      | 1589 ||| DRINKING 2 potions of haste.
  1608 | D:3      | Killed Grinder
  1609 | D:3      | Reached skill level 6 in Dodging
  1609 | D:3      | Reached XP level 6. HP: 30/30 MP: 7/7
  1631 | D:3      | Identified the +10 mace "Worm's Wrath" {vamp, ^Contam rF+
                  | Stlth+}
  1894 | D:3      | You fall into a shaft and drop 2 floors!
  1894 | D:5      | Entered Level 5 of the Dungeon
  1895 | D:5      | 1895 ||| READING 2 scrolls of identify.
  1895 | D:5      | 1895 ||| IDENTIFYING golden potion
  1896 | D:5      | 1896 ||| READING scroll of identify.
  1896 | D:5      | 1896 ||| IDENTIFYING fuming sapphire potion
  1897 | D:5      | 1897 ||| READING scroll labelled REUPAI LAMAU.
  1942 | D:5      | 1942 ||| RETREEEEATING.
  1945 | D:5      | 1945 ||| RETREEEEATING.
  1946 | D:5      | 1946 ||| RETREEEEATING.
  1947 | D:5      | 1947 ||| RETREEEEATING.
  1948 | D:5      | 1948 ||| RETREEEEATING.
  1949 | D:5      | 1949 ||| RETREEEEATING.
  1950 | D:5      | 1950 ||| RETREEEEATING.
  1951 | D:5      | 1951 ||| RETREEEEATING.
  1958 | D:5      | HP: 7/30 [killer bee (6)]
  1959 | D:5      | 1959 ||| DRINKING potion of heal wounds.
  1965 | D:5      | Reached XP level 7. HP: 25/35 MP: 8/8
  2065 | D:5      | Reached skill level 7 in Dodging
  2077 | D:5      | 2077 ||| SWAPPING to +0 orcbow.
  2160 | D:5      | 2160 ||| DROPPING +1 shortbow.
  2189 | D:5      | 2189 ||| DRINKING 2 fizzy pink potions.
  2231 | D:5      | 2231 ||| DRINKING 2 metallic red potions.
  2241 | D:5      | 2241 ||| DROPPING potion of lignification.
  2242 | D:5      | 2242 ||| DROPPING potion of ambrosia.
  2243 | D:5      | 2243 ||| DROPPING potion of degeneration.
  2248 | D:5      | 2248 ||| FLEEEEING.
  2255 | D:4      | 2255 ||| PLANNING SEWER
  2586 | D:4      | Found a runed translucent door.
  2587 | D:4      | Noticed Crazy Yiuf
  2738 | D:4      | Noticed Pikel
  2739 | D:4      | 2739 ||| RETREEEEATING.
  2741 | D:4      | 2741 ||| RETREEEEATING.
  2743 | D:4      | 2743 ||| RETREEEEATING.
  2745 | D:4      | 2745 ||| RETREEEEATING.
  2747 | D:4      | 2747 ||| RETREEEEATING.
  2749 | D:4      | 2749 ||| RETREEEEATING.
  2751 | D:4      | 2751 ||| RETREEEEATING.
  2753 | D:4      | 2753 ||| RETREEEEATING.
  2754 | D:4      | 2754 ||| DRINKING potion of haste.
  2761 | D:4      | 2761 ||| RETREEEEATING.
  2768 | D:4      | Killed Pikel
  2769 | D:4      | Reached skill level 9 in Ranged Weapons
  2769 | D:4      | Reached XP level 8. HP: 16/39 MP: 9/9
  2842 | D:4      | Noticed Eustachio
  2843 | D:4      | 2843 ||| FLEEEEING.
  2961 | D:4      | Found a glowing drain.
  2962 | D:4      | 2962 ||| UPGRADING to ring of resist corrosion.
  2963 | D:4      | 2963 ||| UPGRADING to ring of protection from fire.
  2965 | D:4      | 2965 ||| DRINKING 2 glowing ruby potions.
  2969 | Sewer    | Entered a sewer
  3045 | Sewer    | Reached skill level 3 in Fighting
  3157 | Sewer    | Noticed Pargi
  3172 | Sewer    | Killed Pargi
  3173 | Sewer    | Reached skill level 8 in Dodging
  3216 | Sewer    | 3216 ||| READING scroll labelled HEPNYTRAQA.
  3217 | Sewer    | 3217 ||| READING 2 scrolls labelled WOR YKIXUO.
  3218 | Sewer    | 3218 ||| DROPPING scroll of blinking.
  3232 | D:4      | 3232 ||| PLANNING D:1-11
  3315 | D:4      | 3315 ||| FLEEEEING.
  3317 | D:4      | 3317 ||| FLEEEEING.
  3320 | D:4      | 3320 ||| FLEEEEING.
  3321 | D:4      | 3321 ||| FLEEEEING.
  3323 | D:4      | 3323 ||| FLEEEEING.
  3324 | D:4      | 3324 ||| FLEEEEING.
  3325 | D:4      | 3325 ||| FLEEEEING.
  3326 | D:4      | 3326 ||| FLEEEEING.
  3346 | D:4      | Killed Eustachio
  3347 | D:4      | Reached skill level 9 in Dodging
  4619 | D:5      | 4619 ||| DROPPING amulet of magic regeneration.
  4661 | D:6      | Reached XP level 9. HP: 29/44 MP: 10/10
  4840 | D:6      | 4840 ||| RETREEEEATING.
  4842 | D:6      | 4842 ||| RETREEEEATING.
  5048 | D:6      | Found a shimmering altar of Xom.
  5048 | D:6      | Found a hide-covered altar of Uskayaw.
  5078 | D:6      | Reached skill level 10 in Dodging
  5145 | D:6      | 5145 ||| FLEEEEING.
  5146 | D:6      | 5146 ||| FLEEEEING.
  5147 | D:6      | 5147 ||| FLEEEEING.
  5149 | D:6      | 5149 ||| FLEEEEING.
  5152 | D:6      | 5152 ||| FLEEEEING.
  5153 | D:6      | 5153 ||| FLEEEEING.
  5154 | D:6      | 5154 ||| FLEEEEING.
  5155 | D:6      | 5155 ||| FLEEEEING.
  5156 | D:6      | 5156 ||| FLEEEEING.
  5157 | D:6      | 5157 ||| FLEEEEING.
  5158 | D:6      | 5158 ||| FLEEEEING.
  5160 | D:6      | 5160 ||| FLEEEEING.
  5161 | D:6      | 5161 ||| FLEEEEING.
  5162 | D:6      | 5162 ||| FLEEEEING.
  5163 | D:6      | 5163 ||| FLEEEEING.
  5165 | D:6      | 5165 ||| FLEEEEING.
  5166 | D:6      | 5166 ||| FLEEEEING.
  5167 | D:6      | 5167 ||| FLEEEEING.
  5169 | D:6      | 5169 ||| FLEEEEING.
  5170 | D:6      | 5170 ||| FLEEEEING.
  5171 | D:6      | 5171 ||| FLEEEEING.
  5172 | D:6      | 5172 ||| FLEEEEING.
  5173 | D:6      | 5173 ||| FLEEEEING.
  5175 | D:6      | 5175 ||| FLEEEEING.
  5176 | D:6      | 5176 ||| FLEEEEING.
  5177 | D:6      | 5177 ||| FLEEEEING.
  5178 | D:6      | 5178 ||| FLEEEEING.
  5179 | D:6      | 5179 ||| FLEEEEING.
  5721 | D:6      | 5721 ||| UPGRADING to +2 robe of willpower.
  5731 | D:6      | 5731 ||| DROPPING +0 robe.
  5732 | D:6      | 5732 ||| READING scroll labelled GEKKUX UNGOAR.
  5732 | D:6      | 5732 ||| ENCHANTING +0 cloak.
  5733 | D:6      | 5733 ||| READING scroll labelled VEBYRR VULORUMN.
  5734 | D:6      | 5734 ||| READING scroll labelled ETUCKIN QODU.
  5812 | D:6      | 5812 ||| DROPPING wand of flame (14).
  5853 | D:7      | 5853 ||| STAIRDANCE
  5857 | D:7      | 5857 ||| STAIRDANCE
  5935 | D:7      | 5935 ||| STAIRDANCE
  5944 | D:6      | Reached skill level 11 in Dodging
  6005 | D:7      | 6005 ||| STAIRDANCE
  6064 | D:7      | 6064 ||| RETREEEEATING.
  6164 | D:7      | 6164 ||| FLEEEEING.
  6165 | D:7      | 6165 ||| FLEEEEING.
  6166 | D:7      | 6166 ||| FLEEEEING.
  6170 | D:7      | 6170 ||| FLEEEEING.
  6171 | D:7      | 6171 ||| FLEEEEING.
  6172 | D:7      | 6172 ||| STAIRDANCE
  6337 | D:7      | Found a staircase to the Ecumenical Temple.
  6338 | D:7      | 6338 ||| PLANNING TEMPLE
  6345 | Temple   | Entered the Ecumenical Temple
  6346 | Temple   | 6346 ||| PLANNING OKAWARU WORSHIP
  6355 | Temple   | Became a worshipper of Warmaster Okawaru
  6356 | Temple   | 6356 ||| PLANNING D:1-11
  6821 | D:7      | 6821 ||| READING scroll of enchant armour.
  6821 | D:7      | 6821 ||| ENCHANTING +1 cloak.
  6879 | D:7      | 6879 ||| FLEEEEING.
  6880 | D:7      | 6880 ||| FLEEEEING.
  7268 | D:8      | HP: 10/45 [electric eel/bolt of electricity (13)]
  7269 | D:8      | Reached skill level 12 in Dodging
  7269 | D:8      | Killed from afar by an electric eel

Levels and vault maps discovered:
D:1:      wheals_arrival_linesprint, layout_loops_ring, serial_shops, shop
D:2:      layout_loops_ring, uniq_sigmund
D:3:      layout_basic, uniq_grinder
D:4:      layout_loops_corners, gup_sewer_entry_spiral,
          guppyfry_early_lair_pool, uniq_crazy_yiuf_cottage, uniq_eustachio,
          uniq_pikel
D:5:      layout_basic
D:6:      layout_loops_corners, gammafunk_temple_overflow_elements
D:7:      layout_loops_corners, minmay_temple_entry_ruins, grunt_ministairs_8,
          corexii_leaking_fountain, minmay_misc_feat_nine_boxes,
          minmay_chambers_of_fives
D:8:      nicolae_moon_pools, layout_rooms, gammafunk_ghost_gnarly_gnolls,
          fountainhead
Temple:   nicolae_temple_slightly_damp_pantheon

Skill      XL: |  1  2  3  4  5  6  7  8  9 |
---------------+----------------------------+-----
Dodging        | 3 4 6 7 9 12 | 12.0
Ranged Weapons | 6 9 10 11 | 11.0
Fighting       | 2 3 4 |  4.1
Stealth        | |  1.5

Action                     |  1- 3 |  4- 6 |  7- 9 || total
---------------------------+-------+-------+-------++-------
   Fire: Shortbow          |    76 |   146 |    10 ||   232
         Orcbow            |       |       |   514 ||   514
    Use: Scroll            |     2 |     6 |     6 ||    14
         Potion            |     1 |     3 |     4 ||     8
 Armour: Robe              |    13 |    22 |   104 ||   139
  Dodge: Dodged            |    47 |    50 |   367 ||   464

Table legend:
 A = Non-vault XP
 B = Vault XP
 C = Vault XP percentage of total XP
 D = Non-vault monster count
 E = Vault monster count
 F = Vault count percentage of total count
                 A         B        C        D         E       F
            +---------+---------+-------+---------+---------+-------
      Total |    3402 |    2114 |  38.3 |     152 |      30 |  16.5
            +---------+---------+-------+---------+---------+-------
        D:1 |      35 |       0 |   0.0 |      25 |       0 |   0.0
        D:2 |      61 |     226 |  78.7 |      21 |       1 |   4.5
        D:3 |      71 |     267 |  79.0 |      30 |       1 |   3.2
        D:4 |      46 |     851 |  94.9 |       6 |      10 |  62.5
        D:5 |     867 |       0 |   0.0 |      22 |       0 |   0.0
        D:6 |    1191 |     159 |  11.8 |      22 |       6 |  21.4
        D:7 |    1014 |     270 |  21.0 |      21 |       5 |  19.2
        D:8 |     117 |       0 |   0.0 |       5 |       0 |   0.0
      Sewer |       0 |     341 | 100.0 |       0 |       7 | 100.0
            +---------+---------+-------+---------+---------+-------
